 Dungeon Crawl Stone Soup version 0.23-a0-565-g3e74e4c (webtiles) character file.

3479 Lanoc the Slasher (level 9, -7/89 HPs)
             Began as a Troll Chaos Knight on Dec 13, 2018.
             Was a Plaything of Xom.
             Mangled by an orc warrior
             ... wielding a +0 halberd
              (18 damage)
             ... on level 7 of the Dungeon.
             The game lasted 00:17:07 (4644 turns).

Lanoc the Slasher (Troll Chaos Knight)              Turns: 4644, Time: 00:17:08

Health: -7/89      AC: 14    Str: 25    XL:     9   Next: 79%
Magic:  8/8        EV:  9    Int: 15    God:    Xom [...*..]
Gold:   416        SH:  0    Dex:  9    Spells: 8/8 levels left

rFire    x x .     SeeInvis .   a - +0 falchion (chaos)
rCold    + + +     Gourm    +   (no shield)
rNeg     . . .     Faith    +   r - +0 ice dragon scales
rPois    .         Spirit   .   (helmet restricted)
rElec    .         Reflect  .   (no cloak)
rCorr    .         Harm     .   (gloves unavailable)
MR       .....                  (boots unavailable)
Stlth    ..........             f - amulet of faith
HPRegen  0.64/turn              q - ring of ice (curse)
MPRegen  0.11/turn              (no ring)

@: brilliant, drained, invisible
A: large, unfitting armour, claws 3, rugged brown scales 1, clever 1, fast
metabolism 3, gourmand, sense surroundings 1, regeneration 1, shaggy fur 1,
tough skin 2
a: Renounce Religion


You were on level 7 of the Dungeon.
You worshipped Xom.
You were a favourite toy of Xom.
You were very full.

You visited 2 branches of the dungeon, and saw 8 of its levels.

You collected 416 gold pieces.

Inventory:

Hand Weapons
 a - a +0 falchion of chaos (weapon)
 i - a +2 falchion of holy wrath
Missiles
 C - 10 tomahawks (quivered)
Armour
 b - a +2 robe
 r - +0 ice dragon scales (worn)
Jewellery
 f - an amulet of faith (around neck)
 q - a cursed ring of ice (left claw)
Wands
 t - a wand of scattershot (4)
Scrolls
 d - a scroll of enchant armour {unknown}
 e - 11 scrolls of identify {unknown}
 l - 6 scrolls of remove curse {unknown}
 m - a scroll of noise {unknown}
 o - 6 scrolls of teleportation {unknown}
 p - 3 scrolls of magic mapping {unknown}
 s - 3 scrolls of random uselessness {unknown}
 w - 2 scrolls of fear {unknown}
 x - 4 scrolls of enchant weapon {unknown}
 y - a scroll of immolation {unknown}
 A - 3 scrolls of fog {unknown}
 B - a scroll of amnesia {unknown}
 E - a scroll of acquirement {unknown}
Potions
 g - 2 potions of lignification {unknown}
 h - a potion of curing
 j - a potion of flight
 k - a potion of berserk rage
 n - a potion of haste
 z - a potion of magic {unknown}
Comestibles
 c - 17 rations


   Skills:
 + Level 4.8(4.6) Fighting
 + Level 6.6(6.5) Long Blades
 * Level 5.6(5.4) Throwing
 + Level 4.9(4.7) Armour
 + Level 4.4(4.2) Dodging
 + Level 2.2(2.1) Stealth


You had 8 spell levels left.
You didn't know any spells.
Your spell library was empty.

Dungeon Overview and Level Annotations

Branches:
Dungeon (7/15)             Temple (1/1) D:4

Altars:
Ashenzari
Cheibriados
Fedhas
Gozag
Hepliaklqana
Kikubaaqudgha
Makhleb
Nemelex Xobeh
Okawaru
Qazlal
Ru
Sif Muna
Trog
Uskayaw
Vehumet
Wu Jian
Xom
Yredelemnul
Zin
The Shining One


Innate Abilities, Weirdness & Mutations

You are too large for most types of armour.
You have claws for hands.
Your metabolism is lightning-fast.
You like to eat raw meat.
Your natural rate of healing is unusually fast.
You are covered in fur. (AC +1)
You have very tough skin. (AC +2)
You are partially covered in rugged brown scales. (AC +1, +3% HP)
Your mind is acute. (Int +2)
You passively map a small area around you.


Message History

The wight hits you but does no damage.
The orc wizard gestures wildly while chanting.
The orc wizard seems to speed up.
Your ice dragon scales prevents you from hitting the wight.
The wight is almost destroyed.
The orc warrior hits you from afar with a +0 halberd!
* * * LOW HITPOINT WARNING * * *
The wight hits you but does no damage.
You barely miss the wight.
The wight is almost destroyed.
The orc warrior hits you from afar with a +0 halberd!
* * * LOW HITPOINT WARNING * * *
It was a potion of brilliance.
You feel clever all of a sudden. The wight hits you but does no damage.
It was a potion of invisibility.
You fade into invisibility!
The orc warrior hits you from afar with a +0 halberd!!
You die...
Xom is highly amused! ##### ######### ....# #zo)goz.#

###.### ##)#####@#
#..SK.###z....##.#
..#.#{.o.).##.##.#
....######.......#
###.# ######[## #
#.# ,, '.# ###.# ,
##* ...##* ..#


You could see an orc warrior, 2 wights, an orc wizard and a gnoll.

Vanquished Creatures
  An unseen horror (D:7)
  Grinder (D:6)
  Sigmund (D:6)
  A spriggan (D:7)
  A fire bat (D:6)
  3 ice beasts
  A swamp drake (D:5)
  3 sky beasts
  4 ogres
  A phantom (D:7)
  2 centaurs
  A bullfrog (D:6)
  A howler monkey (D:6)
  3 wights (D:7)
  A centaur zombie (D:7)
  A quasit (D:3)
  2 centaur skeletons
  An orc priest (D:7)
  5 hounds
  An iguana (D:5)
  3 orc wizards
  6 worker ants
  8 gnolls
  2 adders
  An ooze (D:3)
  2 adder skeletons
  2 worms
  A dart slug (D:1)
  5 leopard geckos
  20 orcs
  8 bats
  2 giant cockroaches
  13 goblins
  7 hobgoblins
  7 jackals (D:3)
  A quokka (D:7)
  2 ball pythons (D:4)
  6 frilled lizards
  A jackal skeleton (D:5)
  A jackal zombie (D:5)
  6 kobolds
  A leopard gecko zombie (D:3)
  2 quokka skeletons
  4 rats
146 creatures vanquished.

Vanquished Creatures (collateral kills)
  An orc warrior (D:7)
  An ogre (D:7)
  An orc wizard (D:7)
  2 orcs (D:7)
5 creatures vanquished.

Vanquished Creatures (others)
  A human (D:3)
  A wight (D:7)
  A gnoll (D:7)
  An orc (D:7)
  3 kobolds (D:7)
7 creatures vanquished.

Grand Total: 158 creatures vanquished

Notes
Turn   | Place    | Note
-------+----------+-------------------------------------------
     0 | D:1      | Lanoc the Troll Chaos Knight began the quest for the Orb.
     0 | D:1      | Reached XP level 1. HP: 22/22 MP: 0/0
    69 | D:1      | Reached XP level 2. HP: 29/29 MP: 1/1
   172 | D:1      | XOM: divination: detect items
   399 | D:1      | XOM: harmless Fire miscast
   430 | D:2      | XOM: harmless Conj miscast
   448 | D:2      | Reached XP level 3. HP: 35/36 MP: 2/2
   649 | D:2      | Reached skill level 1 in Throwing
   654 | D:2      | XOM: harmless Fire miscast
   797 | D:2      | Reached skill level 3 in Long Blades
  1055 | D:2      | XOM: silly message
  1112 | D:3      | Found an ancient bone altar of Kikubaaqudgha.
  1113 | D:3      | Noticed a human
  1117 | D:3      | Killed a human
  1168 | D:3      | Reached XP level 4. HP: 44/44 MP: 3/3
  1426 | D:3      | XOM: harmless Pois miscast
  1464 | D:3      | Reached XP level 5. HP: 37/52 MP: 4/4
  1543 | D:3      | Reached skill level 1 in Armour
  1654 | D:4      | XOM: mild Necr miscast
  1660 | D:4      | Found a staircase to the Ecumenical Temple.
  1672 | Temple   | Entered the Ecumenical Temple
  1863 | D:4      | Noticed an ogre
  1872 | D:4      | XOM: mild Ice miscast
  1874 | D:4      | XOM: smoke on damage
  1877 | D:4      | Killed an ogre
  1877 | D:4      | Reached XP level 6. HP: 48/61 MP: 5/5
  1935 | D:4      | Found a shimmering altar of Xom.
  1997 | D:4      | XOM: butterfly on damage
  2003 | D:4      | XOM: butterfly on damage
  2304 | D:4      | Found a stormy altar of Qazlal.
  2342 | D:4      | XOM: harmless Tloc miscast
  2478 | D:5      | Entered Level 5 of the Dungeon
  2502 | D:5      | XOM: summons 2 friendly demons
  2511 | D:5      | Noticed a swamp drake
  2511 | D:5      | a worker ant changed into a swamp drake
  2512 | D:5      | Killed a swamp drake
  2512 | D:5      | Reached skill level 4 in Long Blades
  2512 | D:5      | Reached XP level 7. HP: 67/67 MP: 6/6
  2513 | D:5      | XOM: give mutations
  2513 | D:5      | Gained mutation: You passively map a small area around you.
                  | [Xom's grace]
  2513 | D:5      | Gained mutation: Your mind is acute. (Int +2) [Xom's grace]
  2513 | D:5      | Gained mutation: You are partially covered in rugged brown
                  | scales. (AC +1, +3% HP) [Xom's grace]
  2523 | D:5      | XOM: scenery: 2 doors open
  2543 | D:5      | XOM: enchant monster (good)
  2847 | D:5      | XOM: divination: detect creatures
  3023 | D:5      | XOM: divination: magic mapping
  3027 | D:5      | XOM: confuse monster(s)
  3037 | D:5      | Reached skill level 1 in Stealth
  3037 | D:5      | Reached XP level 8. HP: 80/80 MP: 7/7
  3287 | D:6      | XOM: noise
  3297 | D:6      | Noticed Grinder
  3299 | D:6      | Noticed Sigmund
  3301 | D:6      | XOM: cast spell 'Ring of Flames'
  3316 | D:6      | XOM: mild Conj miscast
  3324 | D:6      | Reached skill level 5 in Long Blades
  3338 | D:6      | XOM: confuse monster(s)
  3346 | D:6      | Killed Grinder
  3357 | D:6      | Killed Sigmund
  3363 | D:6      | XOM: potion effect (agility)
  3401 | D:6      | Found a stormy altar of Qazlal.
  3460 | D:6      | XOM: polymorph orc warrior -> fire bat
  3461 | D:6      | XOM: medium Pois miscast
  3462 | D:6      | XOM: harmless Conj miscast
  3562 | D:6      | XOM: enchant monster (good)
  3573 | D:6      | XOM: cast spell 'Summon Small Mammal'
  3966 | D:7      | Reached XP level 9. HP: 85/86 MP: 8/8
  3977 | D:7      | XOM: god gift: scroll labeled HEMNIL MIPNOU {god gift}
  3978 | D:7      | XOM: harmless Ice miscast
  4003 | D:7      | Killed an unseen horror
  4003 | D:7      | Reached skill level 6 in Long Blades
  4003 | D:7      | Reached skill level 5 in Throwing
  4004 | D:7      | XOM: cast spell 'Ring of Flames'
  4011 | D:7      | XOM: confuse monster(s)
  4120 | D:7      | XOM: butterfly on damage
  4123 | D:7      | XOM: divination: magic mapping
  4138 | D:7      | XOM: summons 9 friendly demons
  4225 | D:7      | Found a blossoming altar of Fedhas.
  4310 | D:7      | Found a sparkling altar of Nemelex Xobeh.
  4330 | D:7      | XOM: harmless Necr miscast
  4398 | D:7      | XOM: noise
  4523 | D:7      | XOM: noise
  4534 | D:7      | XOM: enchant monster (bad)
  4535 | D:7      | XOM: confusion (+ monsters)
  4537 | D:7      | XOM: chaos upgrade
  4542 | D:7      | XOM: cast spell 'Shadow Creatures'
  4553 | D:7      | XOM: polymorph big kobold -> water moccasin
  4587 | D:7      | XOM: enchant monster (good)
  4630 | D:7      | XOM: snakes to sticks
  4631 | D:7      | XOM: destruction
  4644 | D:7      | Mangled by an orc warrior

Vault maps used:
D:1:      dpeg_arrival_water_temple_mockup, serial_park_tiny_pond
D:3:      nicolae_overflow_hidden_temple, hangedman_decor_clover_reticule,
          st_stairs_12, tgw_kikubaaqudgha
D:4:      brannock_xom_greatest_gift, minmay_temple_entry_waves, first_ration,
          grunt_qazlal_clouds
D:5:      st_stairs_6, roderic_lattice_a, minmay_fractal_squares_5
D:6:      basic_altar, eino_tiny_chamber, due_unseen_surprise, uniq_sigmund,
          uniq_grinder
D:7:      fedhas_altar_3, nemelex_xobeh_ov_fountains_minmay, the_bakery,
          minmay_fountain_box
Temple:   regret_index_temple_waves

Skill      XL: |  1  2  3  4  5  6  7  8  9 |
---------------+----------------------------+-----
Dodging        | 2 3 4 |  4.4
Throwing       | 1 2 3 4 5 |  5.6
Long Blades    | 3 4 5 6 |  6.6
Fighting       | 3 4 |  4.8
Armour         | 1 2 4 |  4.9
Stealth        | 1 2 |  2.2

Action                   |  1- 3 |  4- 6 |  7- 9 || total
-------------------------+-------+-------+-------++-------
Melee: Falchion          |   148 |   204 |   355 ||   707
Throw: Tomahawk          |       |       |     3 ||     3
  Use: Potion            |       |     3 |     8 ||    11
 Stab: Paralysed         |     1 |     2 |    12 ||    15
       Sleeping          |     1 |       |       ||     1
       Petrified         |       |       |     3 ||     3
       Confused          |       |       |     2 ||     2
       Petrifying        |       |       |     1 ||     1
  Eat: Chunk             |    13 |    15 |    20 ||    48
Armor: Robe              |    93 |       |       ||    93
       Ice dragon scales |    25 |   295 |   247 ||   567
Dodge: Dodged            |    93 |   174 |   138 ||   405
       Rpst.: Falchion   |    31 |    33 |    29 ||    93

Table legend:
 A = Non-vault XP
 B = Vault XP
 C = Vault XP percentage of total XP
 D = Non-vault monster count
 E = Vault monster count
 F = Vault count percentage of total count
                 A         B        C        D         E       F
            +---------+---------+-------+---------+---------+-------
      Total |    4087 |     884 |  17.8 |     145 |       6 |   4.0
            +---------+---------+-------+---------+---------+-------
        D:1 |      39 |       0 |   0.0 |      24 |       0 |   0.0
        D:2 |      42 |       0 |   0.0 |      16 |       0 |   0.0
        D:3 |     165 |       1 |   0.6 |      25 |       1 |   3.8
        D:4 |     481 |       0 |   0.0 |      22 |       0 |   0.0
        D:5 |     578 |     171 |  22.8 |      10 |       2 |  16.7
        D:6 |     822 |     492 |  37.4 |      21 |       2 |   8.7
        D:7 |    1960 |     220 |  10.1 |      27 |       1 |   3.6
            +---------+---------+-------+---------+---------+-------
